 Dungeon Crawl Stone Soup version 0.30.0-29-ga12c61a403 (webtiles) character file.

Game seed: 7107067601222047241

2 hawla the Firebug (level 1, -1/14 HPs)
             Began as a Meteoran Fire Elementalist on June 15, 2023.
             Slain by a quokka (3 damage)
             ... on level 2 of the Dungeon.
             The game lasted 00:00:37 (39 turns).

hawla the Firebug (Meteoran Fire Elementalist)        Turns: 39, Time: 00:00:38

Health: -1/14      AC:  2    Str:  9    XL:     1   Next: 57%
Magic:  2/5        EV: 12    Int: 16    God:
Gold:   0          SH:  0    Dex: 14    Spells: 4/5 levels left

rFire   . . .        (no weapon)
rCold   . . .        (no shield)
rNeg    . . .        a - +0 robe
rPois   .            (no helmet)
rElec   .            (no cloak)
rCorr   .            (no gloves)
SInv    .            (no boots)
Will    .....        (no amulet)
Stlth   +            (no ring)
HPRegen 0.22/turn    (no ring)
MPRegen 0.09/turn

%: no passive effects
@: glowing
A: sense surroundings 1, otherworldly, glowing, explore regen
a: no special abilities


You were on level 2 of the Dungeon.
You visited 1 branch of the dungeon, and saw 2 of its levels.

Inventory:

Armour
 a - a +0 robe (worn)
 c - a +0 pair of boots
Potions
 b - a potion of magic


   Skills:
 + Level 2.4 Dodging
 - Level 1.4 Stealth
 + Level 2.7 Spellcasting
 + Level 1.2 Conjurations
 + Level 3.8 Fire Magic


You had 4 spell levels left.
You knew the following spells:

 Your Spells              Type           Power      Damage    Failure   Level
a - Foxfire               Conj/Fire      40%        2x1d6     7%          1

Your spell library contained the following spells:

 Spells                   Type           Power      Damage    Failure   Level
 Scorch                   Fire           28%        2d6       6%          2
 Inner Flame              Hex/Fire       8%         N/A       26%         3
 Volatile Blastmotes      Fire/Tloc      16%        2d11      26%         3
 Flame Wave               Conj/Fire      10%        2d6       56%         4


Dungeon Overview and Level Annotations

Branches:
Dungeon (2/15) Zot: 1160

Altars:


Innate Abilities, Weirdness & Mutations

You passively map a small area around you.
You are easily found by Zot.
You glow in the dark.
You regain HP and MP as you explore.


Message History

Your foxfire blinks!
The quokka blinks!
The ball python blinks!
Your foxfire blinks!
You blink.
The bat blinks!
The ball python moves out of view.
The foxfire hits the bat.
The bat is severely wounded.
The foxfire hits the bat.
You kill the bat!
The quokka twitches its whiskers.
Your magical contamination has completely faded away.
Things that are here:
a +0 pair of boots; 2 javelins
c - a +0 pair of boots
Casting: Foxfire (safe; 7% risk of failure)
Confirm with . or Enter, or press ? or * to list all spells.
You conjure some foxfire!
Casting: Foxfire (safe; 7% risk of failure)
Confirm with . or Enter, or press ? or * to list all spells.
You don't have enough magic to cast this spell.
The foxfire hits the quokka.
The quokka is lightly wounded.
The foxfire hits the quokka.
The quokka is almost dead.
Unknown command.
Unknown command.
The quokka bites you but does no damage.
The quokka closely misses you.
The quokka bites you but does no damage.
The quokka attacks as you move away! The quokka closely misses you.
The quokka bites you. The quokka attacks as you move away!
The quokka barely misses you. The quokka bites you. x2
The quokka attacks as you move away! The quokka bites you.
* * * LOW HITPOINT WARNING * * *
The quokka attacks as you move away!
The quokka bites you but does no damage.
The quokka attacks as you move away!
The quokka bites you but does no damage.
The quokka bites you.
You die...

#....+, , , .##..# +* *
* .....# * .....# * ,
.....# * , ,,* * §#..)#
*,* * *, * .#...# ,,*
.....#######+#######..#
†.............rr@.....#
............########..#
......(...### * , ,
.........## ,
.#.####.## , , .#..
...#* ~~~ , .. ###.. ,
, , * .. #..# * * ..,
...#


You could see 2 quokkas.

Vanquished Creatures
  A kobold (D:2)
  A ball python (D:2)
  A bat (D:2)
3 creatures vanquished.

Vanquished Creatures (others)
  10 foxfires (D:2)
10 creatures vanquished.

Grand Total: 13 creatures vanquished

Notes
Turn   | Place    | Note
-------+----------+-------------------------------------------
     0 | D:1      | hawla the Meteoran Fire Elementalist began the quest for
                  | the Orb.
     0 | D:1      | Reached XP level 1. HP: 14/14 MP: 5/5
    39 | D:2      | Slain by a quokka

Illustrated notes

Levels and vault maps discovered:
D:1:      onia_arrival_handbag, layout_basic, minmay_cut_off
D:2:      layout_rooms, minmay_door_square, minmay_splitting_lines,
          chequers_serial_rivers_micro_d

Action                     || total
---------------------------++-------
  Melee: Unarmed           ||     2
   Cast: Foxfire           ||     6
 Armour: Robe              ||     6
  Dodge: Dodged            ||     7
